 Dungeon Crawl Stone Soup version 0.28-a0-1130-gc51a68064b (webtiles) character file.

Game seed: 898386234429124736

77 rogsnak the Gusty (level 4, 0/30 HPs)
             Began as a Demonspawn Air Elementalist on Dec 13, 2021.
             Slain by a jackal (2 damage)
             ... on level 3 of the Dungeon.
             The game lasted 00:04:10 (2471 turns).

rogsnak the Gusty (Demonspawn Air Elementalist)     Turns: 2471, Time: 00:04:11

Health: 0/30       AC:  3    Str:  8    XL:     4   Next: 13%
Magic:  1/7        EV: 12    Int: 18    God:
Gold:   75         SH:  0    Dex: 14    Spells: 7/8 levels left

rFire   + . .      SeeInvis +   m - +2 hand axe (flame)
rCold   . . .      Faith    .   (no shield)
rNeg    . . .      Spirit   .   a - +0 robe
rPois   .          Reflect  .   (helmet restricted)
rElec   .          Harm     .   (no cloak)
rCorr   .          Rampage  .   (no gloves)
Will    .....                   (no boots)
Stlth   ++........              (no amulet)
HPRegen 0.10/turn               e - ring of protection from fire
MPRegen 0.10/turn               j - ring of see invisible

@: lethally poisoned (0 -> -4)
A: horns 1, rugged brown scales 1
a: no special abilities


You were on level 3 of the Dungeon.
You visited 1 branch of the dungeon, and saw 3 of its levels.

You collected 75 gold pieces.

Inventory:

Hand Weapons
 c - a +0 club
 k - a +2 dagger of protection
 m - a +2 hand axe of flaming (weapon)
Armour
 a - a +0 robe (worn)
Jewellery
 e - a ring of protection from fire (left hand)
 g - a ring of positive energy
 j - a ring of see invisible (right hand)
 o - a ring of ice
Scrolls
 b - a scroll of vulnerability {unknown}
 d - a scroll of identify {unknown}
 i - a scroll of fear {unknown}
 n - 3 scrolls of enchant weapon {unknown}
Potions
 f - a potion of brilliance {unknown}
 h - 2 potions of curing {unknown}
 l - a potion of flight {unknown}
 p - a potion of mutation {unknown}


   Skills:
 + Level 2.0 Dodging
 - Level 1.8 Stealth
 + Level 2.5 Spellcasting
 * Level 2.3 Conjurations
 + Level 3.5 Air Magic


You had 7 spell levels left.
You knew the following spells:

 Your Spells              Type           Power      Damage    Failure   Level
a - Shock                 Conj/Air       48%        1d6       5%          1

Your spell library contained the following spells:

 Spells                   Type           Power      Damage    Failure   Level
 Static Discharge         Conj/Air       12%        N/A       8%          2
 Swiftness                Air            15%        N/A       12%         3
 Airstrike                Air            7%         N/A       36%         4


Dungeon Overview and Level Annotations

Branches:
Dungeon (3/15)

Altars:

Shops:
D:2 :


Innate Abilities, Weirdness & Mutations

You have a pair of small horns on your head.
You are partially covered in rugged brown scales. (AC +1, +3% HP)


Message History

Casting: Shock (safe; 5% risk of failure)
Confirm with . or Enter, or press ? or * to list all spells.
Aiming: Shock (safe; 5% risk of failure)
Press: ? - help, Shift-Dir - straight line, f - jackal, p - adder
Aim: a jackal (wandering, hasn't noticed you, 60% to hit)
The zap misses the adder.
The zap hits the jackal.
The jackal is moderately wounded.
The jackal barks!
You feel very sick. The adder bites you.
You are lethally poisoned!
The adder poisons you!
Unknown command.
Casting: Shock (safe; 5% risk of failure)
Confirm with . or Enter, or press ? or * to list all spells.
You don't have enough magic to cast this spell.
Unknown command.
You hit the adder. You burn the adder.
You kill the adder!
You feel very sick.
Your Dodging skill increases to level 2!
You have reached level 4!
You feel agile.
Your demonic ancestry asserts itself...
Rugged brown scales grow over part of your body.
Casting: Shock (safe; 5% risk of failure)
Confirm with . or Enter, or press ? or * to list all spells.
You don't have enough magic to cast this spell.
* * * LOW HITPOINT WARNING * * *
You feel very sick.
The jackal bites you but does no damage.
You closely miss the jackal.
The jackal is moderately wounded.
* * * LOW HITPOINT WARNING * * *
You feel very sick. The jackal misses you.
You hit the jackal but do no damage.
The jackal is moderately wounded.
* * * LOW HITPOINT WARNING * * *
You feel sick. The jackal completely misses you. The jackal bites you.
You die...

## # .. .# #. .# #.##..#
# ..#..# #. ###h...###.
##.####### ##.@.$......
#........# ##..(.......#
#........###.........#..
#....................#
#........###.........#
#........# #.........#
#........# #...........
#........# #...........
#........# #.........#


You could see a jackal.

Vanquished Creatures
  A gnoll (D:2)
  3 adders
  An orc (D:3)
  4 endoplasms (D:1)
  4 goblins
  2 hobgoblins
  6 jackals
  2 kobolds (D:1)
  2 quokkas
  4 ball pythons
  3 bats
  2 frilled lizards
  2 rats
36 creatures vanquished.

Notes
Turn   | Place    | Note
-------+----------+-------------------------------------------
     0 | D:1      | rogsnak the Demonspawn Air Elementalist began the quest for
                  | the Orb.
     0 | D:1      | Reached XP level 1. HP: 13/13 MP: 3/3
   662 | D:1      | Found a faded altar of an unknown god.
   681 | D:1      | Gained mutation: You have a pair of small horns on your
                  | head. [demonic ancestry]
   681 | D:1      | Reached XP level 2. HP: 19/19 MP: 3/5
   717 | D:1      | Reached skill level 3 in Air Magic
  1435 | D:2      | Found Reafetec's Book Boutique.
  1793 | D:2      | Reached XP level 3. HP: 24/24 MP: 2/6
  2469 | D:3      | Gained mutation: You are partially covered in rugged brown
                  | scales. (AC +1, +3% HP) [demonic ancestry]
  2469 | D:3      | Reached XP level 4. HP: 10/30 MP: 0/7
  2471 | D:3      | Slain by a jackal

Illustrated notes

Levels and vault maps discovered:
D:1:      minmay_arrival_hallway, layout_loops_corners,
          shapermc_ecumenical_altar_totnotflames
D:2:      layout_basic, serial_shops, nicolae_shop_crystal, cheibrodos_gnoll_hut
D:3:      layout_rooms, chequers_serial_rivers_micro_b

Skill      XL: |  1  2  3 |
---------------+----------+-----
Air Magic      | 3 |  3.5
Conjurations   | 2 |  2.3
Dodging        | 2 |  2.0
Stealth        | |  1.8
Spellcasting   | |  2.5

Action                   |  1- 3 |  4- 6 || total
-------------------------+-------+-------++-------
Melee: Club              |    18 |       ||    18
       Hand axe          |     5 |     2 ||     7
       Headbutt          |     1 |       ||     1
 Cast: Shock             |    64 |       ||    64
Armor: Robe              |     4 |     1 ||     5
Dodge: Dodged            |    31 |     2 ||    33

Table legend: (Time is in decaauts)
 A = Elapsed time spent in this place.
 B = Non-inter-level travel time spent in this place.
 C = Inter-level travel time spent in this place.
 D = Time resting spent in this place.
 E = Time spent auto-exploring this place.
 F = Levels seen in this place.
 G = Mean time per level.
                   A        B        C        D        E       F      G
               +--------+--------+--------+--------+--------+-----+--------+
         Total |   2474 |   2448 |     26 |    453 |   1695 |   3 |  824.7 |
       Dungeon |   2474 |   2448 |     26 |    453 |   1695 |   3 |  824.7 |
               +--------+--------+--------+--------+--------+-----+--------+

Top non-repeatable levels by time:
     D:1: 1411 daAuts
     D:2: 940 daAuts
     D:3: 121 daAuts
